 Dungeon Crawl Stone Soup version 0.17-a0-1332-g9db7d08 (webtiles) character file.

2749 Geomchi the Artisan of Death (level 9, 0/62 HPs)
             Began as a Vampire Monk on June 10, 2015.
             Was a Priest of Kikubaaqudgha.
             Slain by a wolf (6 damage)
             ... led by Grum
             ... on level 8 of the Dungeon.
             The game lasted 00:23:37 (12746 turns).

Geomchi the Artisan of Death (Vampire Monk)        Turns: 12746, Time: 00:23:37

Health: 0/62       AC:  6    Str: 10    XL:     9   Next: 41%
Magic:  4/16       EV: 14    Int: 14    God:    Kikubaaqudgha [***...]
Gold:   323        SH:  0    Dex: 20    Spells: 5 memorised, 3 levels left

rFire  . . .     SeeInvis +       - Unarmed
rCold  + + .     Clarity  +     p - +0 ring mail
rNeg   + + +     SustAt   .     (no shield)
rPois  ∞         Gourm    .     o - +0 helmet
rElec  .         Spirit   .     (no cloak)
rCorr  .         Warding  .     (no gloves)
rMut   .         Stasis   .     (no boots)
MR     .....                    u - amulet of clarity
Stlth  ++........               q - ring of wizardry
                                k - +2 ring of dexterity

@: bloodless, non-regenerating, not resistant to hostile enchantments,
unstealthy
A: fangs 3, see invisible, unbreathing
a: Bat Form, Receive Corpses, Renounce Religion


You were on level 8 of the Dungeon.
You worshipped Kikubaaqudgha.
Kikubaaqudgha was most pleased with you.
You were bloodless.

You visited 2 branches of the dungeon, and saw 9 of its levels.

You collected 323 gold pieces.

Inventory:

Armour
 o - a +0 helmet (worn)
 p - a +0 ring mail (worn)
Jewellery
 k - a +2 ring of dexterity (left hand)
 q - a ring of wizardry (right hand)
 u - an amulet of clarity (around neck)
 w - an uncursed ring of sustain attributes
 y - an uncursed ring of protection from magic
Magical devices
 b - a wand of random effects (30)
 j - a wand of frost (2)
 B - a wand of random effects (21)
 C - a wand of magic darts (22)
 E - a wand of digging (11)
Scrolls
 a - a scroll of amnesia {unknown}
 c - 3 scrolls of recharging
 d - 4 scrolls of remove curse
 e - a scroll of vulnerability {unknown}
 i - 2 scrolls of teleportation
 l - a scroll of magic mapping {unknown}
 m - a scroll of fog {unknown}
 s - a scroll of blinking {unknown}
 z - 4 scrolls of enchant armour
Potions
 f - 2 potions of invisibility
 g - 4 potions of haste
 h - 2 potions of curing
 n - a potion of agility
 r - 2 potions of heal wounds
 v - a potion of degeneration {unknown}
 A - 2 potions of might
 D - a potion of brilliance {unknown}
Books
 t - Kikubaaqudgha's Collected Works on Evil Rites
   (Kikubaaqudgha gifted it to you in the Ecumenical Temple)

   Spells                             Type                      Level
   a - Pain                           Necromancy                   1
   b - Corpse Rot                     Necromancy                   2
   c - Sublimation of Blood           Necromancy                   2
   d - Regeneration                   Charms/Necromancy            3
   e - Control Undead                 Necromancy                   4
 x - Kikubaaqudgha's Grimoire of Darkness
   (Kikubaaqudgha gifted it to you on level 5 of the Dungeon)

   Spells                             Type                      Level
   a - Animate Dead                   Necromancy                   4
   b - Excruciating Wounds            Charms/Necromancy            5
   c - Agony                          Necromancy                   5
   d - Dispel Undead                  Necromancy                   5
   e - Simulacrum                     Ice/Necromancy               6


   Skills:
 - Level 2.6 Fighting
 - Level 5.7 Dodging
 - Level 3.0 Stealth
 - Level 6.0 Unarmed Combat
 + Level 5.2 Spellcasting
 - Level 4.0 Charms
 + Level 10.0 Necromancy


You had 3 spell levels left.
You knew the following spells:

 Your Spells              Type           Power        Failure   Level  Hunger
a - Pain                  Necr           ####         1%          1    None
b - Regeneration          Chrm/Necr      ###.......   4%          3    ###....
c - Animate Dead          Necr           N/A          4%          4    ####...
d - Corpse Rot            Necr           N/A          1%          2    ##.....
e - Agony                 Necr           ####....     10%         5    ######.


Dungeon Overview and Level Annotations

Branches:
Dungeon (8/15)             Temple (1/1) D:4
   Lair: D:8-11

Altars:
Ashenzari
Cheibriados
Dithmenos
Elyvilon
Fedhas
Gozag
Kikubaaqudgha
Makhleb
Nemelex Xobeh
Okawaru
Qazlal
Ru
Sif Muna
Trog
Vehumet
Xom
Yredelemnul
Zin
The Shining One

Shops:
D:5 [

Annotations:
D:8 Grum


Innate Abilities, Weirdness & Mutations

You do not heal naturally.
You are immune to poison.
You have razor-sharp teeth.
You have supernaturally acute eyesight.
You can survive without breathing.


Message History

You now have 8/16 mp.
You smell decay.
The wolf bites you! The wolf closely misses you. The wolf misses you. x2
You take 7 damage, and have 45/62 hp.
You now have 6/16 mp.
You see here a hobgoblin skeleton.
Aim: Grum, wielding a glaive and wearing an animal skin (heavily wounded, chance to defeat MR: 89%) Grum convulses in agony!
The wolf bites you. The wolf bites you! Grum barely misses you.
You take 9 damage, and have 36/62 hp.
You now have 5/16 mp.
Aim: Grum, wielding a glaive and wearing an animal skin (severely wounded, chance to defeat MR: 89%) Grum convulses in agony!
The wolf misses you. The wolf bites you!
Grum hits you from afar with a glaive!!
* * * LOW HITPOINT WARNING * * *
You take 29 damage, and have 7/62 hp.
MASSIVE DAMAGE!!
You now have 4/16 mp.
Aim: Grum, wielding a glaive and wearing an animal skin (almost dead, chance to defeat MR: 89%) Grum convulses in agony!
The wolf bites you.
* * * LOW HITPOINT WARNING * * *
The wolf bites you.
You die...
Kikubaaqudgha rasps: "You have failed me!
Welcome... oblivion!"

##### ##....###
#.......## .........###
...........## ##########
............####....#....
.).........###...........
..#...(...#...##.........
#.######...#####@........
#..#....#### #h§§.......
##...####
#.hg.............# ##.###
#.................## #.##
#..................#
..#####
#...................h
.##...####
#....................
.........#
#....................
.........#
#...................#


You could see Grum and 2 wolves.

Vanquished Creatures
  Pikel (D:6)
  Eustachio (D:4)
  A hippogriff (D:7)
  A wolf (D:7)
  An ice beast (D:7)
  A phantom (D:5)
  2 sky beasts (D:6)
  A big kobold (D:5)
  3 ogres
  4 giant frogs (D:6)
  A scorpion (D:5)
  4 crimson imps
  2 centaur skeletons
  A hound (D:4)
  A jelly (D:5)
  A gnoll shaman (D:4)
  2 giant frog skeletons (D:4)
  5 worker ants
  An orc priest (D:4)
  3 orc wizards (D:4)
  A hound zombie (D:5)
  A hound skeleton (D:4)
  9 gnolls
  5 adders
  An adder skeleton (D:7)
  2 worms
  9 giant geckos
  27 orcs
  16 bats
  A bat skeleton (D:4)
  6 giant cockroaches
  12 goblins
  17 hobgoblins
  11 jackals
  18 kobolds
  2 ball pythons (D:1)
  A giant gecko skeleton (D:7)
  A giant gecko zombie (D:5)
  3 giant newts
  6 quokkas
  A quokka skeleton (D:4)
  17 rats
204 creatures vanquished.

Vanquished Creatures (others)
  An iguana (D:6)
  An adder (D:6)
  A shadow imp (D:6)
  An adder zombie (D:6)
  An orc (D:6)
  A kobold (D:6)
  2 plants (D:5)
8 creatures vanquished.

Grand Total: 212 creatures vanquished

Notes
Turn   | Place    | Note
--------------------------------------------------------------
     0 | D:1      | Geomchi the Vampire Monk began the quest for the Orb.
     0 | D:1      | Reached XP level 1. HP: 17/17 MP: 1/1
   406 | D:1      | Reached XP level 2. HP: 18/23 MP: 2/2
  1185 | D:1      | Reached skill level 5 in Unarmed Combat
  1429 | D:2      | Reached XP level 3. HP: 17/28 MP: 3/3
  2206 | D:2      | Found a glowing silver altar of Zin.
  2206 | D:2      | Found a stormy altar of Qazlal.
  2812 | D:3      | Reached XP level 4. HP: 31/34 MP: 4/4
  4154 | D:4      | Found a shadowy altar of Dithmenos.
  4163 | D:4      | Reached skill level 5 in Dodging
  4222 | D:4      | Found a shattered altar of Ashenzari.
  4259 | D:4      | Reached XP level 5. HP: 33/39 MP: 5/5
  4766 | D:4      | Reached skill level 6 in Unarmed Combat
  4924 | D:4      | Found a staircase to the Ecumenical Temple.
  4935 | Temple   | Entered the Ecumenical Temple
  5059 | Temple   | Became a worshipper of Kikubaaqudgha
  5059 | Temple   | Acquired Kikubaaqudgha's first power
  5059 | Temple   | Received a gift from Kikubaaqudgha
  5059 | Temple   | Acquired Kikubaaqudgha's second power
  5060 | Temple   | Identified Kikubaaqudgha's Collected Works on Evil Rites (Kikubaaqudgha gifted it to you in the Ecumenical Temple)
  5063 | Temple   | Learned a level 1 spell: Pain
  5090 | D:4      | Reached skill level 1 in Spellcasting
  5090 | D:4      | Reached skill level 1 in Necromancy
  5090 | D:4      | Reached XP level 6. HP: 41/46 MP: 7/7
  5337 | D:4      | Noticed Eustachio
  5377 | D:4      | Killed Eustachio
  5858 | D:4      | Reached XP level 7. HP: 26/51 MP: 6/11
  6681 | D:5      | Entered Level 5 of the Dungeon
  6681 | D:5      | Found a snail-covered altar of Cheibriados.
  7345 | D:5      | Received a gift from Kikubaaqudgha
  7348 | D:5      | Identified Kikubaaqudgha's Grimoire of Darkness (Kikubaaqudgha gifted it to you on level 5 of the Dungeon)
  7411 | D:5      | Found Bycs's Antique Armour Boutique.
  7594 | D:5      | Reached skill level 5 in Necromancy
  7594 | D:5      | Reached XP level 8. HP: 46/57 MP: 14/14
  8090 | D:6      | Reached skill level 5 in Spellcasting
  8150 | D:6      | Learned a level 3 spell: Regeneration
  8264 | D:6      | Reached skill level 1 in Charms
  8499 | D:6      | Noticed Pikel
  8525 | D:6      | Killed Pikel
  8525 | D:6      | Reached skill level 7 in Necromancy
  8825 | D:6      | Found a sacrificial altar of Ru.
  8872 | D:6      | Reached skill level 8 in Necromancy
  9102 | D:6      | Reached XP level 9. HP: 39/62 MP: 16/16
 10277 | D:6      | Learned a level 4 spell: Animate Dead
 10280 | D:6      | Learned a level 2 spell: Corpse Rot
 10286 | D:6      | Learned a level 5 spell: Agony
 10520 | D:7      | Found a shimmering altar of Xom.
 10663 | D:7      | Reached skill level 9 in Necromancy
 11388 | D:7      | Found a glowing golden altar of the Shining One.
 11975 | D:8      | Noticed Grum
 12541 | D:8      | Reached skill level 10 in Necromancy
 12746 | D:8      | Slain by a wolf

Vault maps used:
D:1:      dpeg_arrival_prison, minmay_box_of_dots
D:2:      amethyst_overflow_temple_binary
D:3:      first_bread, kennysheep_generic_room_10
D:4:      evilmike_ruin_ashenzari, temple_fountains,
          grunt_dithmenos_smoke_and_mirrors, uniq_eustachio
D:5:      overflow_temple_1_default, serial_shops, nicolae_shop_behind_doors,
          lexackson_kobold_supper
D:6:      lemuel_round_altar, nrook_uturn, uniq_pikel
D:7:      tso_altar, xom_butterflies
D:8:      uniq_gastronok, uniq_grum
Temple:   water_room_temple_b_12

Action                   |  1- 3 |  4- 6 |  7- 9 || total
-------------------------+-------+-------+-------++-------
Melee: Unarmed           |   167 |   244 |   451 ||   862
 Cast: Pain              |       |     6 |    60 ||    66
       Regeneration      |       |       |     6 ||     6
       Corpse Rot        |       |       |     1 ||     1
       Agony             |       |       |     1 ||     1
Invok: Receive Corpses   |       |       |     1 ||     1
 Abil: End Transformatio |       |       |     2 ||     2
       Bat Form          |       |       |     2 ||     2
Evoke: Wand              |       |     3 |       ||     3
  Use: Potion            |     2 |     3 |     5 ||    10
       Scroll            |       |       |    10 ||    10
 Stab: Sleeping          |    13 |     5 |     7 ||    25
       Distracted        |     1 |       |     3 ||     4
  Eat: Corpse            |       |       |     8 ||     8
